 Dungeon Crawl Stone Soup version 0.18.1-50-g88ac8fd (webtiles) character file.

2799 Gargoyl the Agent of Entropy (level 9, -7/67 HPs)
             Began as a Demonspawn Abyssal Knight on Oct 19, 2016.
             Was a Priest of Lugonu.
             Mangled by Erolcha
             ... wielding a +3 giant spiked club
              (24 damage)
             ... on level 8 of the Dungeon.
             The game lasted 00:22:45 (10393 turns).

Gargoyl the Agent of Entropy (DsAK)                Turns: 10393, Time: 00:22:46

Health: -7/67      AC: 19    Str: 16    XL:     9   Next: 43%
Magic:  24/24      EV:  6    Int: 13    God:    Lugonu [***...]
Gold:   52         SH:  9    Dex: 12    Spells: 0 memorised, 8 levels left

rFire  . . .     SeeInvis .     r - +0 war axe
rCold  . . .     Gourm    .     y - +0 chain mail
rNeg   . . .     Faith    .     d - +0 shield
rPois  .         Spirit   .     f - +0 helmet
rElec  .         Dismiss  .     q - +0 cloak
rCorr  .         Reflect  .     (gloves unavailable)
SustAt .         Harm     .     l - +1 pair of boots
MR     .....                    (no amulet)
Stlth  ..........               (no ring)
                                m - ring of magical power

@: very slightly contaminated, hasted, very quick, not resistant to hostile
enchantments, extremely unstealthy
A: claws 3, rough black scales 1
a: Depart the Abyss, Bend Space, Banish, Renounce Religion


You were on level 8 of the Dungeon.
You worshipped Lugonu.
Lugonu was most pleased with you.
You were near starving.

You visited 1 branch of the dungeon, and saw 8 of its levels.
You visited the Abyss 1 time.

You collected 371 gold pieces.
You spent 319 gold pieces at shops.

Inventory:

Hand Weapons
 a - a +1 hand axe
 r - a +0 war axe (weapon)
 C - a +3 spear
Missiles
 s - 6 tomahawks (quivered)
Armour
 d - a +0 shield (worn)
 f - a +0 helmet (worn)
 l - a +1 pair of boots (worn)
 q - a +0 cloak (worn)
 y - a +0 chain mail (worn)
Jewellery
 m - a ring of magical power (left claw)
 u - a cursed -5 ring of strength {unknown}
Wands
 v - a wand of polymorph (11/24)
 x - a wand of random effects (23/48)
 A - a wand of acid (5/15)
Scrolls
 b - a scroll of amnesia {unknown}
 e - 8 scrolls of identify
 g - 2 scrolls of fear
 n - a scroll of teleportation
 w - a scroll of fog
 z - a scroll of magic mapping
 B - a scroll of remove curse
Potions
 h - a potion of cure mutation
 p - 2 potions of curing
Books
 k - a book of Ice

   Spells                             Type                      Level
   a - Ice Form                       Ice/Transmutation            4
   b - Metabolic Englaciation         Hexes/Ice                    5
   c - Ozocubu's Refrigeration        Ice                          6
   d - Bolt of Cold                   Conjuration/Ice              6
   e - Freezing Cloud                 Conjuration/Ice/Air          6
   f - Simulacrum                     Ice/Necromancy               6
Comestibles
 c - 2 bread rations
 i - 5 meat rations


   Skills:
 + Level 4.8 Fighting
 + Level 4.0 Axes
 + Level 0.5 Throwing
 * Level 6.2 Armour
 + Level 4.8 Dodging
 + Level 4.4 Shields
 * Level 8.5 Invocations


You had 8 spell levels left.
You didn't know any spells.

Dungeon Overview and Level Annotations

Branches:
Dungeon (8/15)             Temple (0/1) D:7
   Lair: D:8-11

Altars:
Ashenzari
Cheibriados
Dithmenos
Fedhas
Pakellas
Qazlal
Sif Muna
Vehumet

Shops:
D:7 !

Annotations:
D:7 exclusion: oklob sapling
D:8 Erolcha
Abyss:1 Prince Ribbit


Innate Abilities, Weirdness & Mutations

You have claws for hands.
You are partially covered in rough black scales (AC +4, Dex -1).


Message History

You hit Erolcha.
Erolcha is severely wounded.
Erolcha hits you with an enchanted giant spiked club!!
* * * LOW HITPOINT WARNING * * *
You closely miss Erolcha.
Erolcha is severely wounded.
Erolcha gestures at you while chanting. You block the sting.
Erolcha growls.
Erolcha points at you and mumbles some strange words.
The stone arrow hits you!
* * * LOW HITPOINT WARNING * * *
Drink which item? (? for menu, Esc to quit)
You feel better. You block Erolcha's attack.
Drink which item? (? for menu, Esc to quit)
You feel yourself speed up.
You hit Erolcha but do no damage.
Erolcha is severely wounded.
Erolcha hits you with an enchanted giant spiked club!!
You die...

#### ...
#########.#####
#..............
#.#####.....##
#.#####.....#
#.##........#
#.##O##...>.#
#.##@##........
#.##.####.#####
##.##.# #.#
###...######.#
#E#...#E#....#
########...#####.<#
#..............#..#
#.###...._.....#..##
#..............####


You could see Erolcha.

Vanquished Creatures
  Eustachio (D:6)
  A sky beast (D:7)
  A phantom (D:7)
  3 ogres
  An ice beast (D:5)
  4 centaurs
  A crocodile (D:6)
  Blork the orc (D:6)
  3 giant frogs
  A gnoll sergeant (D:7)
  A wyvern skeleton (D:6)
  3 scorpions
  A jelly (D:7)
  2 giant frog skeletons
  2 orc priests
  A hound (D:5)
  A giant frog zombie (D:5)
  Crazy Yiuf (D:5)
  7 orc wizards
  2 worker ants
  A hound skeleton (D:7)
  3 gnolls (D:7)
  13 adders
  3 oozes
  An adder skeleton (D:7)
  An adder zombie (D:5)
  4 worms
  5 dart slugs
  5 giant geckos
  44 orcs
  6 bats
  5 giant cockroaches
  6 hobgoblins
  13 jackals
  5 quokkas
  3 ball pythons
  A giant gecko skeleton (D:7)
  9 giant newts
  11 goblins
  A jackal zombie (D:6)
  4 kobolds
  A quokka skeleton (D:6)
  3 rats
186 creatures vanquished.

Vanquished Creatures (others)
  The ghost of Drunkenshrew the Sneak, an amateur DrAs (D:5)
  A hungry ghost (D:7)
  3 crimson imps
  An adder (D:5)
6 creatures vanquished.

Grand Total: 192 creatures vanquished

Notes
Turn   | Place    | Note
--------------------------------------------------------------
     0 | Abyss:1  | Gargoyl the Demonspawn Abyssal Knight began the quest for the Orb.
     0 | Abyss:1  | Reached XP level 1. HP: 18/18 MP: 2/2
   188 | Abyss:1  | Noticed a great orb of eyes
   202 | D:1      | Escaped the Abyss
   273 | D:1      | Reached * piety under Lugonu
   273 | D:1      | Reached skill level 1 in Dodging
   541 | D:1      | Gained mutation: You are partially covered in rough black scales (AC +4, Dex -1). [demonic ancestry]
   541 | D:1      | Reached XP level 2. HP: 21/24 MP: 3/3
  1047 | D:2      | Reached XP level 3. HP: 29/29 MP: 3/5
  1148 | D:2      | Reached skill level 3 in Invocations
  1161 | D:2      | HP: 1/29 [poisoned by an adder]
  1519 | D:2      | Reached ** piety under Lugonu
  1681 | D:2      | Reached XP level 4. HP: 28/35 MP: 6/6
  2578 | D:3      | Gained mutation: You have sharp fingernails. [demonic ancestry]
  2578 | D:3      | Reached XP level 5. HP: 33/41 MP: 7/7
  2864 | D:3      | Reached *** piety under Lugonu
  3078 | D:3      | Reached skill level 1 in Shields
  3944 | D:4      | Reached XP level 6. HP: 22/48 MP: 8/8
  4139 | D:4      | Found a snail-covered altar of Cheibriados.
  4420 | D:5      | Entered Level 5 of the Dungeon
  4453 | D:4      | Reached skill level 4 in Invocations
  4583 | D:5      | Noticed Drunkenshrew's ghost (amateur DrAs)
  5209 | D:5      | Banished Drunkenshrew's ghost
  5209 | D:5      | Reached skill level 5 in Invocations
  5209 | D:5      | Gained mutation: You have very sharp fingernails. [demonic ancestry]
  5209 | D:5      | Reached XP level 7. HP: 53/53 MP: 10/10
  5261 | D:5      | Noticed Crazy Yiuf
  5266 | D:5      | Paralysed by Crazy Yiuf for 7 turns
  5291 | D:5      | Killed Crazy Yiuf
  5527 | D:5      | Found a deep blue altar of Sif Muna.
  5528 | D:5      | Found a shadowy altar of Dithmenos.
  5684 | D:5      | Reached skill level 6 in Invocations
  5777 | D:5      | Found an oddly glowing altar of Pakellas.
  6087 | D:5      | Reached XP level 8. HP: 18/60 MP: 13/13
  6504 | D:5      | Reached skill level 5 in Armour
  6803 | D:6      | Found a blossoming altar of Fedhas.
  7027 | D:6      | Reached skill level 7 in Invocations
  7462 | D:6      | Noticed Eustachio
  7808 | D:6      | Noticed Blork the orc
  7811 | D:6      | Noticed Prince Ribbit
  8005 | D:5      | Banished Prince Ribbit
  8423 | D:6      | Killed Eustachio
  8672 | D:6      | Gained mutation: You have claws for hands. [demonic ancestry]
  8672 | D:6      | Reached XP level 9. HP: 61/66 MP: 14/14
  8728 | D:6      | Killed Blork the orc
  8866 | D:6      | Reached skill level 8 in Invocations
  9427 | D:7      | Found Ralosh's Distillery.
  9556 | D:7      | Bought a potion of heal wounds for 55 gold pieces
  9556 | D:7      | Bought 2 potions of curing for 66 gold pieces
  9556 | D:7      | Bought a potion of curing for 33 gold pieces
  9556 | D:7      | Bought a potion of heal wounds for 55 gold pieces
  9556 | D:7      | Bought a potion of haste for 110 gold pieces
  9643 | D:7      | Found a shattered altar of Ashenzari.
  9865 | D:7      | Found a staircase to the Ecumenical Temple.
 10137 | D:7      | Found a radiant altar of Vehumet.
 10323 | D:8      | Found a stormy altar of Qazlal.
 10363 | D:8      | Noticed Erolcha
 10393 | D:8      | Mangled by Erolcha

Skill      XL: |  1  2  3  4  5  6  7  8  9 |
---------------+----------------------------+-----
Dodging        | 1 2 3 4 |  4.8
Armour         | 2 3 4 5 6 |  6.2
Axes           | 2 3 4 |  4.0
Invocations    | 3 5 6 7 8 |  8.5
Shields        | 1 2 3 4 |  4.4
Fighting       | 4 |  4.8
Throwing       | |  0.5

Action                   |  1- 3 |  4- 6 |  7- 9 || total
-------------------------+-------+-------+-------++-------
Melee: Hand axe          |   143 |   464 |   141 ||   748
       War axe           |       |       |   481 ||   481
Throw: Tomahawk          |       |       |    10 ||    10
Invok: Depart the Abyss  |     1 |       |       ||     1
       Banish            |       |     6 |     6 ||    12
       Bend Space        |       |       |     1 ||     1
  Use: Scroll            |     2 |     2 |    11 ||    15
       Potion            |     2 |     7 |     7 ||    16
 Stab: Sleeping          |     1 |       |       ||     1
  Eat: Chunk             |     3 |    11 |    11 ||    25
       Bread ration      |       |     1 |     1 ||     2
       Pizza             |       |       |     1 ||     1
Armor: Leather armour    |    31 |       |       ||    31
       Ring mail         |    59 |   145 |       ||   204
       Chain mail        |       |   216 |   707 ||   923
Dodge: Dodged            |    47 |   161 |   236 ||   444
Block: Shield            |    58 |   220 |   419 ||   697
